AoeStats
← GUI_421

Black Forest

508664464Analyzed
4v4 RM · 10d ago on Sep 23, 2026· 37m 19s· 8 players
Game mode
Random Map
Map size
Large (8 player)
Population
200
Speed
Normal
Resources
Standard
Victory
Conquest
Starting age
Dark Age
Ending age
Imperial Age
RankedLock teamsTeams togetherTeam positionsShared explorationLock speedFull tech treeHidden civsTurbo modeCheats
Victory
Defeat
🇨🇱 Bohemians · Chile
1040
+10
🇨🇱 Chinese · Chile
872
+17
🇨🇱 Japanese · Chile
841
+18
🇨🇱 Chinese · Chile
836
+17
🇩🇪 Varangians · Germany
906
-16
🇹🇼 Poles · Taiwan
891
-21
🇨🇳 Japanese · China
884
-15
🇵🇹 Portuguese · Portugal
868
-41
GUI_421
7:46 Loom
17:24 Feudal Age
19:15 Wheelbarrow
18:34 Town Watch
18:36 Man-at-Arms
21:28 Horse Collar
Matze91
12:13 Feudal Age
13:00 Loom
16:18 Castle Age
14:04 Horse Collar
14:35 Double-Bit Axe
17:46 Heavy Plow
23:35 Scale Mail Armor
23:49 Forging
24:44 Wheelbarrow
25:34 Squires
26:29 Gambesons
29:19 Gold Mining
30:44 Hand Cart
31:50 Chain Mail Armor
32:12 Iron Casting
37:07 Imperial Age
34:24 Town Watch
37:27 Scale Barding Armor
z0922579996
1:04 Loom
15:17 Feudal Age
20:11 Castle Age
19:55 Double-Bit Axe
20:21 Horse Collar
22:43 Bloodlines
21:54 Light Cavalry
26:01 Husbandry
30:03 Elite Skirmisher
32:56 Ballistics
32:17 Treadmill Crane
36:18 Scale Barding Armor
36:05 Fletching
圣灯
0:39 Loom
12:44 Feudal Age
17:51 Castle Age
16:24 Double-Bit Axe
17:09 Horse Collar
17:45 Man-at-Arms
19:20 Scale Mail Armor
24:49 Bow Saw
25:23 Gambesons
26:18 Forging
30:50 Wheelbarrow
MarcoAntonio
5:06 Loom
17:28 Feudal Age
18:46 Wheelbarrow
18:34 Fishing Lines
19:56 Scale Mail Armor
19:45 Arson
20:52 Horse Collar
20:42 Man-at-Arms
21:18 Double-Bit Axe
29:54 Castle Age
30:17 Long Swordsman
30:43 Gambesons
31:17 Chain Mail Armor
31:20 Hand Cart
32:24 Caravan
32:24 Gold Mining
32:24 Stone Mining
38:25 Imperial Age
CL.CKrugger
0:29 Loom
12:45 Feudal Age
16:07 Double-Bit Axe
20:13 Castle Age
27:26 Fletching
27:43 Pikeman
29:56 Forging
31:59 Iron Casting
35:07 Bow Saw
35:44 Wheelbarrow
gjdelcam
3:12 Loom
14:29 Feudal Age
15:00 Gold Mining
15:23 Double-Bit Axe
20:31 Castle Age
19:09 Scale Mail Armor
19:20 Forging
21:23 Bow Saw
21:00 Arson
21:16 Squires
23:24 Chain Mail Armor
29:42 Gold Shaft Mining
32:22 Imperial Age
31:41 Iron Casting
34:47 Elite Fire Lancer
37:17 Plate Mail Armor
yethro.rd
3:53 Loom
12:54 Feudal Age
16:20 Double-Bit Axe
17:17 Wheelbarrow
17:02 Horse Collar
19:32 Castle Age
18:33 Stone Mining
18:35 Gold Mining
25:27 Bow Saw
30:12 Fletching
30:23 Padded Archer Armor
30:52 Ballistics
Connection lost

Rejoining the realm…

Still unreachable

The connection could not be restored.

Session expired

The server has moved on; the page needs a fresh start.